 Dungeon Crawl Stone Soup version 0.31.0-9-g3a7656b989 (webtiles) character file.

Game seed: 1749935813755795063

518 Gottschkopf the Trooper (level 7, -1/66 HPs)
             Began as a Minotaur Fighter on Jan 28, 2024.
             Slain by a gnoll
             ... wielding a +0 halberd
              (7 damage)
             ... on level 4 of the Dungeon.
             The game lasted 00:11:10 (3413 turns).

Gottschkopf the Trooper (Minotaur Fighter)          Turns: 3413, Time: 00:11:11

Health: -1/66      AC:  9    Str: 23      XL:     7   Next: 1%
Magic:  6/6        EV:  8    Int:  4 (5)  God:
Gold:   91         SH:  4    Dex:  8 (9)  Spells: 6/6 levels left

rFire   . . .        l - +1 dagger (venom)
rCold   . . .        c - +0 buckler
rNeg    . . .        p - +0 chain mail
rPois   .            (helmet restricted)
rElec   .            (no cloak)
rCorr   .            (no gloves)
SInv    .            (no boots)
Will    .....        (no amulet) Stlth
                     (no ring)
HPRegen 0.31/turn    (no ring)
MPRegen 0.10/turn

%: no passive effects
@: no status effects
A: horns 2, retaliatory headbutt
a: no special abilities


You were on level 4 of the Dungeon.
You visited 1 branch of the dungeon, and saw 4 of its levels.
You also visited: Sewer.

You collected 91 gold pieces.

Inventory:

Hand Weapons
 a - a +0 flail
 e - a +0 dagger of venom
 l - a +1 dagger of venom (weapon)
 r - a +0 short sword of electrocution
Armour
 b - a +0 troll leather armour {Pargi}
 c - a +0 buckler (worn)
 p - a +0 chain mail (worn)
Magical Staves
 j - a staff of alchemy
Scrolls
 d - a scroll of teleportation {unknown}
 h - a scroll of blinking {unknown}
 i - a scroll of identify {unknown}
 k - a scroll of summoning {unknown}
 o - a scroll of fear {unknown}
 q - a scroll of acquirement {unknown}
Potions
 f - a potion of experience {unknown}
 g - a potion of invisibility {unknown}
 m - a potion of resistance {unknown}
 n - a potion of curing


   Skills:
 + Level 7.2 Fighting
 + Level 5.2 Short Blades
 - Level 2.8 Maces & Flails
 - Level 3.8 Armour
 - Level 3.8 Shields


You had 6 spell levels left.
You didn't know any spells.
Your spell library was empty.

Dungeon Overview and Level Annotations

Branches:
Dungeon (4/15)              Sewer (visited)
 Temple: D:4-7

Altars:
Elyvilon


Innate Abilities, Weirdness & Mutations

You have a pair of horns on your head.
You reflexively headbutt those who attack you in melee.


Message History

The iguana is moderately wounded.
The iguana attacks as it pursues you! The iguana closely misses you.
You furiously retaliate!
You headbutt the iguana!
You kill the iguana!
You feel your intelligence returning.
The gnoll hits you from afar with a +3 spear.
The gnoll hits you from afar with a +0 halberd!
The gnoll hits you with a +3 spear.
You closely miss the gnoll.
The gnoll hits you from afar with a +0 halberd.
The gnoll hits you with a +3 spear.
You hit the gnoll.
The gnoll is lightly wounded.
The gnoll hits you from afar with a +0 halberd!
You block the gnoll's attack.
You hit the gnoll but do no damage. You headbutt the gnoll!
The gnoll is almost dead.
The gnoll hits you from afar with a +0 halberd.
You hit the gnoll.
You kill the gnoll!
You have reached level 7!
The gnoll barely misses you.
The gnoll hits you from afar with a +0 halberd.
You see here a +3 spear.
You barely miss the gnoll. You block the gnoll's attack. The gnoll misses you.
You hit the gnoll but do no damage.
The gnoll is poisoned.
Your headbutt misses the gnoll. The gnoll barely misses you.
The gnoll hits you from afar with a +0 halberd!
You closely miss the gnoll. You block the gnoll's attack.
The gnoll hits you from afar with a +0 halberd!
* * * LOW HITPOINT WARNING * * *
You hit the gnoll.
The gnoll looks as sick as possible!
Your headbutt misses the gnoll.
The gnoll is lightly wounded.
You barely miss the gnoll.
The gnoll is lightly wounded.
The gnoll hits you with a +0 halberd!
* * * LOW HITPOINT WARNING * * *
The gnoll hits you from afar with a +0 halberd!
You die...

#################
#..........##...##
#.##.##.##.#.....#
##.##.##....).....#
......(..##.#.....#
....#.##.##.##...##
............###g##
....g....####
#g###### .........#
#.@....# ...#######
########.# #.##
#######........# #.##
#...).#.#####..#
g..####.....# ####..#
g#.#.....†).# #.....#
...........<# #.##.##
#.##.##.....#.##.##.#
#.##.##.#####.......#


You could see 2 gnolls.

Vanquished Creatures
  Pargi (Sewer)
  2 brain worms (Sewer)
  An orc wizard (D:3)
  Natasha (thrice) (D:2)
  An iguana (D:4)
  2 gnolls (D:4)
  4 adders
  4 dart slugs (D:1)
  5 ribbon worms
  7 orcs
  9 ball pythons
  6 endoplasms
  3 giant cockroaches
  9 goblins
  5 hobgoblins
  3 jackals (D:1)
  2 quokkas (D:2)
  6 bats
  7 frilled lizards
  10 kobolds
  9 rats
99 creatures vanquished.

Notes
Turn   | Place    | Note
-------+----------+-------------------------------------------
     0 | D:1      | Gottschkopf the Minotaur Fighter began the quest for the
                  | Orb.
     0 | D:1      | Reached XP level 1. HP: 19/19 MP: 0/0
    85 | D:1      | Reached XP level 2. HP: 26/27 MP: 1/1
   155 | D:1      | Reached skill level 4 in Fighting
   479 | D:1      | Reached skill level 1 in Short Blades
   479 | D:1      | Reached XP level 3. HP: 28/34 MP: 2/2
  1002 | D:2      | Reached XP level 4. HP: 41/41 MP: 3/3
  1314 | D:2      | Noticed Natasha
  1322 | D:2      | Killed Natasha
  1323 | D:2      | Reached skill level 5 in Fighting
  1641 | D:2      | Noticed Natasha
  1646 | D:2      | Killed Natasha
  1757 | D:2      | Noticed Natasha
  1765 | D:2      | Killed Natasha
  1766 | D:2      | Reached XP level 5. HP: 40/48 MP: 4/4
  1983 | D:3      | Found a faded altar of an unknown god.
  2110 | D:3      | Found a white marble altar of Elyvilon.
  2318 | D:3      | Reached skill level 6 in Fighting
  2879 | D:4      | Found a glowing drain.
  2898 | Sewer    | Entered a sewer
  2936 | Sewer    | Noticed Pargi
  2957 | Sewer    | Killed Pargi
  2958 | Sewer    | Reached XP level 6. HP: 58/58 MP: 5/5
  3196 | Sewer    | Reached skill level 7 in Fighting
  3327 | D:4      | Reached skill level 5 in Short Blades
  3408 | D:4      | Reached XP level 7. HP: 32/66 MP: 6/6
  3413 | D:4      | Slain by a gnoll

Illustrated notes

Levels and vault maps discovered:
D:1:      psy_arrival_terrarium, layout_loops_ring, nicolae_hexahallways
D:2:      layout_rooms, minmay_tromino_i2, uniq_natasha
D:3:      layout_loops_corners, elyvilon_altar_4,
          hellmonk_ecumenical_altar_slurped_away, serial_glass, glass_columns_a,
          glass_columns_a, chequers_serial_rivers_small_b, minmay_diced_spiral
D:4:      layout_loops_cross, grunt_temple_overflow_diamond,
          cheibrodos_sewer_entry_bend

Skill      XL: |  1  2  3  4  5  6 |
---------------+-------------------+-----
Fighting       | 4 5 6 7 |  7.2
Short Blades   | 1 2 3 4 5 |  5.2
Maces & Flails | |  2.8
Armour         | |  3.8
Shields        | |  3.8

Action                     |  1- 3 |  4- 6 |  7- 9 || total
---------------------------+-------+-------+-------++-------
  Melee: Flail             |    23 |       |       ||    23
         Headbutt          |    21 |    34 |       ||    55
         Dagger            |    86 |   179 |     5 ||   270
    Use: Potion            |       |     6 |       ||     6
         Scroll            |       |     1 |       ||     1
 Armour: Scale mail        |    54 |    53 |       ||   107
         Chain mail        |       |    76 |     5 ||    81
  Dodge: Dodged            |    53 |    56 |     3 ||   112
  Block: Buckler           |    16 |    27 |     2 ||    45
